 Dungeon Crawl Stone Soup version 0.26-b1-32-g5d43845318 (webtiles) character file.

Game seed: 5619163424262553915

37 dohliylev the Skirmisher (level 3, -1/24 HPs)
             Began as a Gargoyle Fighter on Jan 12, 2021.
             Killed from afar by an orc wizard (9 damage)
             ... with a puff of frost
             ... on level 2 of the Dungeon.
             The game lasted 00:02:39 (441 turns).

dohliylev the Skirmisher (Gargoyle Fighter)          Turns: 441, Time: 00:02:40

Health: -1/24      AC: 10    Str: 20    XL:     3   Next: 41%
Magic:  3/3        EV:  7    Int:  8    God:
Gold:   18         SH:  9    Dex:  9    Spells: 2/2 levels left

rFire    . . .     SeeInvis .   h - +0 mace (venom)
rCold    . . .     Faith    .   c - +0 kite shield
rNeg     + . .     Spirit   .   b - +0 scale mail
rPois    ∞         Reflect  .   (no helmet)
rElec    +         Harm     .   (no cloak)
rCorr    .         Rampage  .   (no gloves)
Will     .....                  (no boots)
Stlth    ..........             (no amulet)
HPRegen  0.08/turn              (no ring)
MPRegen  0.08/turn              (no ring)

@: no status effects
A: negative energy resistance 1, electricity resistance, unbreathing,
petrification resistance, miasma immunity, AC +3
a: no special abilities


You were on level 2 of the Dungeon.
You visited 1 branch of the dungeon, and saw 2 of its levels.

You collected 18 gold pieces.

Inventory:

Hand Weapons
 h - a +0 mace of venom (weapon)
Armour
 b - a +0 scale mail (worn)
 c - a +0 kite shield (worn)
 f - +0 steam dragon scales
Scrolls
 a - a scroll of remove curse {unknown}
 e - 2 scrolls of identify {unknown}
 i - a scroll of amnesia {unknown}
Potions
 d - a potion of might
 g - 2 potions of degeneration {unknown}
 j - a potion of lignification {unknown}


   Skills:
 + Level 3.7 Fighting
 + Level 2.5 Maces & Flails
 + Level 3.6 Armour
 + Level 3.7 Shields


You had 2 spell levels left.
You didn't know any spells.
Your spell library was empty.

Dungeon Overview and Level Annotations

Branches:
Dungeon (1/15)

Altars:


Innate Abilities, Weirdness & Mutations

You are resistant to torment.
Your stone body is resilient. (AC +3)
You are immune to poison.
You resist negative energy. (rN+)
You are resistant to electric shocks. (rElec)
You can survive without breathing.
You are immune to petrification.
You are immune to miasma.


Message History

The orc priest shouts!
You hear a shout! x2
Found 5 gold pieces.
An orc priest is nearby!
An orc priest comes into view. It is wielding a +0 whip.
An orc comes into view.
The orc shouts!
The orc moves out of view.
An orc and 2 orc wizards come into view.
An orc wizard is wielding a +2 dagger of venom.
The orc priest shouts!
The orc wizard shouts! x2; The orc shouts!
The orc priest casts a cantrip, but nothing happens.
The orc wizard gestures wildly while chanting.
The orc wizard seems to speed up.
The orc priest calls down the wrath of Beogh upon you.
Beogh smites you!
Ouch! That really hurt!
The orc priest miscasts a cantrip.
The orc wizard points at you and mumbles some strange words.
The puff of frost hits you!
You die...

#.# #†#####
#.....#
#####.#
#...#
####.#.###
#.........##
..#######..#
#$⌠ ##@# #..
#.#
#.......#.#
#.......#.#
#......o#o#
.o.....#.#
..o...o#.#
....o..#o#
...o...#o#


You could see an orc priest and an orc wizard (fast).

Vanquished Creatures
  2 adders (D:2)
  An adder zombie (D:2)
  A leopard gecko (D:1)
  A giant cockroach (D:2)
  A goblin (D:1)
  2 hobgoblins (D:1)
  3 bats
  4 frilled lizards
  2 kobolds (D:1)
  A rat (D:1)
18 creatures vanquished.

Notes
Turn   | Place    | Note
-------+----------+-------------------------------------------
     0 | D:1      | dohliylev the Gargoyle Fighter began the quest for the Orb.
     0 | D:1      | Reached XP level 1. HP: 14/14 MP: 1/1
   164 | D:1      | Reached XP level 2. HP: 18/19 MP: 2/2
   283 | D:1      | You fall into a shaft and drop 1 floor!
   320 | D:2      | Reached XP level 3. HP: 24/24 MP: 3/3
   441 | D:2      | Killed from afar by an orc wizard

Illustrated notes

Levels and vault maps discovered:
D:1:      kennysheep_arrival_seaside, layout_loops_corners,
          minmay_misc_feat_four_crosses, minmay_surrounded
D:2:      cheibrodos_pilgrimage, layout_loops_ring, lemuel_round_altar,
          nicolae_ru_path_of_blood

Action                   || total
-------------------------++-------
Melee: Flail             ||    20
       Mace              ||    17
Armor: Scale mail        ||    15
Dodge: Dodged            ||    10
Block: Kite shield       ||    24
